 Dungeon Crawl Stone Soup version 0.27-a0-1065-ge809cff456 (webtiles) character file.

Game seed: 14391654635086824714

4 shoop the Vexing (level 1, 11/11 HPs)
             Began as a Deep Elf Arcane Marksman on Apr 24, 2021.
             Got out of the dungeon alive.
             The game lasted 00:01:28 (529 turns).

shoop the Vexing (Deep Elf Arcane Marksman)          Turns: 529, Time: 00:01:28

Health: 11/11      AC:  2    Str:  7    XL:     1   Next: 58%
Magic:  5/5        EV: 12    Int: 17    God:
Gold:   20         SH:  0    Dex: 15    Spells: 2/3 levels left

rFire    . . .     SeeInvis .   h - +0 spear (venom)
rCold    . . .     Faith    +   (no shield)
rNeg     . . .     Spirit   .   e - +0 robe
rPois    .         Reflect  .   (no helmet)
rElec    .         Harm     .   (no cloak)
rCorr    .         Rampage  .   (no gloves)
Will     +....                  (no boots)
Stlth    +.........             f - amulet of faith
HPRegen  0.03/turn              c - ring of willpower
MPRegen  0.09/turn              (no ring)

@: no status effects
A: no striking features
a: no special abilities


You escaped.
You visited 1 branch of the dungeon, and saw 1 of its levels.

You collected 20 gold pieces.

Inventory:

Hand Weapons
 a - a +0 shortbow
 h - a +0 spear of venom (weapon)
Missiles
 d - 19 arrows
Armour
 e - a +0 robe (worn)
Jewellery
 c - a ring of willpower (left hand)
 f - an amulet of faith (around neck)
Scrolls
 g - a scroll of teleportation {unknown}
Potions
 b - a potion of curing {unknown}


   Skills:
 - Level 0.7 Fighting
 * Level 3.0 Bows
 - Level 2.4 Dodging
 + Level 1.8 Spellcasting
 + Level 4.1 Hexes


You had 2 spell levels left.
You knew the following spells:

 Your Spells              Type           Power      Damage    Failure   Level
a - Corona                Hex            16%        N/A       3%          1

Your spell library contained the following spells:

 Spells                   Type           Power      Damage    Failure   Level
 Slow                     Hex            15%        N/A       5%          2
 Inner Flame              Hex/Fire       8%         N/A       26%         3
 Portal Projectile        Hex/Tloc       16%        N/A       26%         3
 Cause Fear               Hex            7%         N/A       34%         4
 Leda's Liquefaction      Hex/Erth       4%         N/A       63%         4


Dungeon Overview and Level Annotations

Branches:
Dungeon (1/15)

Altars:


Message History

The bat is heavily wounded.
The bat misses you. The bat closely misses you.
The bat hits you but does no damage.
You closely miss the bat.
The bat is heavily wounded.
The bat hits you but does no damage. The bat completely misses you.
You hit the bat but do no damage.
The bat is heavily wounded.
The bat closely misses you. The bat closely misses you.
The bat barely misses you.
You closely miss the bat.
The bat is heavily wounded.
The bat closely misses you. The bat barely misses you.
You barely miss the bat.
The bat is heavily wounded.
The bat barely misses you. The bat closely misses you.
The bat barely misses you.
You see here an arrow.
You closely miss the bat.
The bat is heavily wounded.
The bat hits you. x2
You barely miss the bat.
The bat is heavily wounded.
The bat hits you but does no damage. x2
You hit the bat.
You kill the bat!
Your Bows skill increases to level 3!
You see here a bat corpse.
d - 19 arrows (gained 1)
You see here a bat skeleton.
You now have 20 gold pieces (gained 13).
Found a glowing spear.
You see here a +0 spear of venom.
h - a +0 spear of venom Your +0 spear of venom begins to drip with poison!
h - a +0 spear of venom (weapon)
You see here a bat skeleton.
There is a staircase leading out of the dungeon here.
Are you sure you want to leave the Dungeon?
This will make you lose the game!
You have escaped!

.#### .... #
... .#
#####.### .#
#.......#..# .
#.......#..# #.
#..........#
#..#.......#
#..#...@...#
#..........#
##.
#..#.......#
... #.
#.......#..#
#..###.#####..#
#.............#
#.............#
#########.#####
#.######


There were no monsters in sight!

Vanquished Creatures
  A ball python (D:1)
  2 bats (D:1)
  2 frilled lizards (D:1)
5 creatures vanquished.

Notes
Turn   | Place    | Note
-------+----------+-------------------------------------------
     0 | D:1      | shoop the Deep Elf Arcane Marksman began the quest for the
                  | Orb.
     0 | D:1      | Reached XP level 1. HP: 11/11 MP: 5/5
   529 | D:$      | Got out of the dungeon alive.

Illustrated notes

Levels and vault maps discovered:
D:1:      lemuel_arrival_room, layout_loops_ring, shapermc_ecumenical_altar_venn

Skill      XL: |  1 |
---------------+----+-----
Bows           | 3 |  3.0
Fighting       | |  0.7
Dodging        | |  2.4
Spellcasting   | |  1.8
Hexes          | |  4.1

Action                   || total
-------------------------++-------
Melee: Unarmed           ||    36
 Fire: Shortbow          ||     8
 Cast: Corona            ||     1
Armor: Robe              ||    21
Dodge: Dodged            ||    42

Table legend: (Time is in decaauts)
 A = Elapsed time spent in this place.
 B = Non-inter-level travel time spent in this place.
 C = Inter-level travel time spent in this place.
 D = Time resting spent in this place.
 E = Time spent auto-exploring this place.
 F = Levels seen in this place.
 G = Mean time per level.
                   A        B        C        D        E       F      G
               +--------+--------+--------+--------+--------+-----+--------+
         Total |    526 |    449 |     77 |      0 |    356 |   1 |  526.0 |
       Dungeon |    526 |    449 |     77 |      0 |    356 |   1 |  526.0 |
               +--------+--------+--------+--------+--------+-----+--------+

Top non-repeatable levels by time:
     D:1: 526 daAuts
